Predators vs Flames

Created - February 4 2007 at 12:20

Goals
1 2 3 OT1 SO T
Predators 0 2 1 0 1 4
Flames 1 0 2 0 0 3
Shots
1 2 3 OT1 SO T
Predators 10 16 9 2 4 37
Flames 7 13 13 0 4 33

Period #1

1. Flames , Jussi Jokinen 4 (Daymond Langkow, Roman Hamrlik) at 3:27

Penalities :
Jason Arnott (NSH) for Interference (Minor) at 0:03, Andrew Ference (CGY) for Cross-checking (Minor) at 3:46, Joe Nieuwendyk (CGY) for Hooking (Minor) at 10:55, Andrew Ference (CGY) for Tripping (Minor) at 15:51, Ryan Suter (NSH) for Kneeing (Major) at 18:54

Period #2

2. Predators , Martin Erat 10 (Dan Hamhuis, Todd Bertuzzi) at 9:32
3. Predators , Scott Hartnell 7 (Zbynek Michalek, Paul Kariya) at 15:06

Penalities :
Roman Hamrlik (CGY) for High sticking (Double Minor) at 0:50, Roman Hamrlik (CGY) for Clipping (Minor) at 7:01, Andrew Ference (CGY) for Holding (Minor) at 11:25, Andrei Zyuzin (CGY) for Cross-checking (Minor) at 18:10

Period #3

4. Flames , Jarome Iginla 20 (Daymond Langkow) at 11:59
5. Predators , Martin Erat 11 (Yanic Perreault) at 14:03
6. Flames , Alex Tanguay 20 (Joe Nieuwendyk) at 16:10

Penalities :
Patrick Sharp (NSH) for Interference (Minor) at 0:19, Dion Phaneuf (CGY) for Checking from behind (Major) at 0:28, Derek Morris (NSH) for Hooking (Minor) at 8:59, Dion Phaneuf (CGY) for Diving (Minor) at 11:57, Scott Hartnell (NSH) for Delaying the game (Minor) at 11:57, Marek Zidlicky (NSH) for High sticking (Minor) at 14:45, Jaroslav Modry (CGY) for Cross-checking (Minor) at 14:59

Overtime #1

No Goal

Penalities :
No Penalty

Shootout

Penalty Shot by Paul Kariya for Predators - Shot Misses the Net
Penalty Shot by Jarome Iginla for Flames - Stopped by Chris Mason
Penalty Shot by Jason Arnott for Predators - Shot Misses the Net
Penalty Shot by Alex Tanguay for Flames - Stopped by Chris Mason
Penalty Shot by Todd Bertuzzi for Predators - Stopped by Miikka Kiprusoff
Penalty Shot by Craig Conroy for Flames - Stopped by Chris Mason
Penalty Shot by Steve Sullivan for Predators - Goal!
Penalty Shot by Daymond Langkow for Flames - Stopped by Chris Mason

Penalities :
No Penalty

Goalie Stats

Chris Mason (NSH), 30 saves from 33 shots - (0.909), W, 9-3-2, 65:00 minutes
Miikka Kiprusoff (CGY), 34 saves from 37 shots - (0.919), OTL, 17-7-3, 65:00 minutes

Players Stats

Predators
Player Name              G  A  P  +/- PIM S  H  SB FO MP 
-----------------------------------------------------------
Dan Hamhuis              0  1  1   2  0   1  1  3  0  19 
David Legwand            0  0  0   0  0   1  0  0  19 15 
Derek Morris             0  0  0  -1  2   2  1  2  0  24 
J.P. Dumont              0  0  0   0  0   1  0  0  2  9  
Jason Arnott             0  0  0  -2  2   4  0  1  28 21 
Keith Primeau            0  0  0   0  0   0  0  0  8  10 
Kimmo Timonen            0  0  0   0  0   4  1  0  0  27 
Marek Zidlicky           0  0  0   0  2   0  1  0  0  21 
Martin Erat              2  0  2   2  0   2  1  0  3  15 
Patrick Sharp            0  0  0   0  2   1  0  0  0  11 
Paul Kariya              0  1  1   0  0   8  0  0  5  23 
Ryan Suter               0  0  0   1  5   0  2  2  0  21 
Scott Hartnell           1  0  1   0  2   4  1  0  8  20 
Shea Weber               0  0  0   0  0   0  0  0  0  0  
Steve Sullivan           0  0  0   0  0   2  0  0  1  21 
Todd Bertuzzi            0  1  1   0  0   3  0  0  3  23 
Yanic Perreault          0  1  1   2  0   1  2  0  20 18 
Zbynek Michalek          0  1  1  -2  0   3  0  0  0  25 
Flames
Player Name              G  A  P  +/- PIM S  H  SB FO MP 
-----------------------------------------------------------
Alex Tanguay             1  0  1   1  0   2  0  1  2  22 
Andrei Zyuzin            0  0  0  -1  2   0  1  0  0  20 
Andrew Ference           0  0  0  -1  6   1  1  3  0  13 
Bill Guerin              0  0  0  -1  0   0  1  0  1  11 
Brian Willsie            0  0  0  -1  0   0  0  0  1  8  
Chuck Kobasew            0  0  0   0  0   0  1  0  0  7  
Craig Conroy             0  0  0   1  0   3  0  0  20 24 
Daymond Langkow          0  2  2   1  0   1  0  1  38 28 
Dion Phaneuf             0  0  0   0  7   1  1  0  0  25 
Jarome Iginla            1  0  1   1  0   7  0  1  1  28 
Jaroslav Modry           0  0  0   1  2   0  1  3  0  27 
Joe Nieuwendyk           0  1  1   0  2   2  1  0  19 19 
Jussi Jokinen            1  0  1   0  0   3  0  0  1  12 
Kristian Huselius        0  0  0  -1  0   6  0  1  1  13 
Matthew Lombardi         0  0  0   0  0   3  0  0  13 9  
Robyn Regehr             0  0  0  -1  0   1  1  1  0  26 
Roman Hamrlik            0  1  1   0  6   0  1  1  0  11 
Tony Amonte              0  0  0  -1  0   3  0  0  0  8  

3 Stars

1 - Martin Erat (NSH)
2 - Miikka Kiprusoff (CGY)
3 - Chris Mason (NSH)

Power Play

Predators - 0 on 9 Attempt(s) - 0.00%
Flames - 0 on 5 Attempt(s) - 0.00%

Penalty Kill

Predators - 5 on 5 Attempt(s) - 100.00% - Score 0 goal in Penalty Kill
Flames - 9 on 9 Attempt(s) - 100.00% - Score 0 goal in Penalty Kill

Game Notes

Roman Hamrlik is injured at 16:33 of 2nd period (Shoulder)

Finance

Level 1 -- Attendance: 6005 (92.38%) -- Ticket Income $540,450.00
Level 2 -- Attendance: 4973 (90.42%) -- Ticket Income $273,515.00
Level 3 -- Attendance: 2785 (100.00%) -- Ticket Income $83,550.00
Level 4 -- Attendance: 3863 (96.59%) -- Ticket Income $77,260.00
Luxury Box -- Attendance: 1250 (100.00%) -- Ticket Income $150,000.00
Game was played at the Pengrowth Saddledome
Total Attendance: 18876 (94.22%)
Total Ticket Income: $1,155,823.00
Other Income: $60,835.20
Total Income: $1,216,658.00


Play by Play

Period #1

0:01 of 1st period - Jason Arnott wins face-off versus Craig Conroy in neutral zone.
0:03 of 1st period - Minor Penalty to Jason Arnott for Interference.
0:04 of 1st period - Scott Hartnell wins face-off versus Craig Conroy in Flames zone.
0:04 of 1st period - Steve Sullivan is hit by Chuck Kobasew and loses puck.
0:36 of 1st period - Shot by Craig Conroy.
0:36 of 1st period - Stopped by Chris Mason without a rebound.
0:37 of 1st period - Scott Hartnell wins face-off versus Daymond Langkow in Predators zone.
1:04 of 1st period - Shot by Steve Sullivan.
1:04 of 1st period - Shot Misses the Net.
1:47 of 1st period - Shot by Craig Conroy.
1:47 of 1st period - Shot Blocked by Dan Hamhuis.
1:48 of 1st period - Shot by Alex Tanguay.
1:48 of 1st period - Shot Misses the Net.
2:34 of 1st period - Kristian Huselius is hit by Yanic Perreault and loses puck.
2:38 of 1st period - Shot by Joe Nieuwendyk.
2:38 of 1st period - Stopped by Chris Mason without a rebound.
2:39 of 1st period - David Legwand wins face-off versus Matthew Lombardi in Predators zone.
3:02 of 1st period - Shot by Tony Amonte.
3:02 of 1st period - Stopped by Chris Mason without a rebound.
3:03 of 1st period - Daymond Langkow wins face-off versus Paul Kariya in Predators zone.
3:22 of 1st period - Shot by Jarome Iginla.
3:22 of 1st period - Stopped by Chris Mason with a rebound.
3:27 of 1st period - Shot by Jussi Jokinen.
3:27 of 1st period - Goal by Jussi Jokinen.
3:28 of 1st period - Keith Primeau wins face-off versus Joe Nieuwendyk in neutral zone.
3:46 of 1st period - Minor Penalty to Andrew Ference for Cross-checking.
3:47 of 1st period - Jason Arnott wins face-off versus Craig Conroy in Flames zone.
4:58 of 1st period - Shot by Yanic Perreault.
4:58 of 1st period - Stopped by Miikka Kiprusoff without a rebound.
4:59 of 1st period - Daymond Langkow wins face-off versus Yanic Perreault in Flames zone.
7:34 of 1st period - Shot by Jason Arnott.
7:34 of 1st period - Shot Blocked by Daymond Langkow.
7:35 of 1st period - Shot by Derek Morris.
7:35 of 1st period - Shot Misses the Net.
7:36 of 1st period - Shot by Derek Morris.
7:36 of 1st period - Shot Misses the Net.
7:37 of 1st period - Shot by Derek Morris.
7:37 of 1st period - Shot Misses the Net.
7:38 of 1st period - Shot by Zbynek Michalek.
7:38 of 1st period - Stopped by Miikka Kiprusoff with a rebound.
7:41 of 1st period - Shot by Paul Kariya.
7:41 of 1st period - Stopped by Miikka Kiprusoff without a rebound.
7:42 of 1st period - Yanic Perreault wins face-off versus Joe Nieuwendyk in Flames zone.
8:05 of 1st period - Shot by Kristian Huselius.
8:05 of 1st period - Shot Blocked by Ryan Suter.
8:36 of 1st period - Shot by Jason Arnott.
8:36 of 1st period - Shot Misses the Net.
8:37 of 1st period - Shot by Zbynek Michalek.
8:37 of 1st period - Stopped by Miikka Kiprusoff without a rebound.
8:38 of 1st period - Matthew Lombardi wins face-off versus Jason Arnott in Flames zone.
9:10 of 1st period - Icing by Robyn Regehr.
9:11 of 1st period - David Legwand wins face-off versus Brian Willsie in Flames zone.
9:18 of 1st period - Shot by J.P. Dumont.
9:18 of 1st period - Shot Misses the Net.
9:43 of 1st period - Shot by J.P. Dumont.
9:43 of 1st period - Shot Misses the Net.
9:46 of 1st period - Shot by David Legwand.
9:46 of 1st period - Stopped by Miikka Kiprusoff without a rebound.
9:47 of 1st period - Jussi Jokinen wins face-off versus Yanic Perreault in Flames zone.
10:02 of 1st period - Shot by Jussi Jokinen.
10:02 of 1st period - Shot Blocked by Ryan Suter.
10:32 of 1st period - Yanic Perreault is hit by Joe Nieuwendyk and loses puck.
10:55 of 1st period - Minor Penalty to Joe Nieuwendyk for Hooking.
10:56 of 1st period - Craig Conroy wins face-off versus Jason Arnott in Flames zone.
12:58 of 1st period - Icing by Martin Erat.
12:59 of 1st period - Joe Nieuwendyk wins face-off versus Keith Primeau in Predators zone.
13:14 of 1st period - Shot by Patrick Sharp.
13:14 of 1st period - Shot Blocked by Andrew Ference.
13:17 of 1st period - Shot by Kimmo Timonen.
13:17 of 1st period - Stopped by Miikka Kiprusoff with a rebound.
13:18 of 1st period - Shot by Derek Morris.
13:18 of 1st period - Stopped by Miikka Kiprusoff without a rebound.
13:19 of 1st period - Yanic Perreault wins face-off versus Matthew Lombardi in Flames zone.
13:20 of 1st period - Shot by Martin Erat.
13:20 of 1st period - Shot Misses the Net.
13:22 of 1st period - Icing by Robyn Regehr.
13:23 of 1st period - Yanic Perreault wins face-off versus Matthew Lombardi in Flames zone.
13:24 of 1st period - Shot by Martin Erat.
13:24 of 1st period - Shot Misses the Net.
13:29 of 1st period - Shot by Matthew Lombardi.
13:29 of 1st period - Shot Misses the Net.
13:30 of 1st period - Shot by Dion Phaneuf.
13:30 of 1st period - Stopped by Chris Mason without a rebound.
13:31 of 1st period - J.P. Dumont wins face-off versus Daymond Langkow in Predators zone.
14:01 of 1st period - Steve Sullivan is hit by Roman Hamrlik and loses puck.
14:38 of 1st period - Icing by Dan Hamhuis.
14:39 of 1st period - Joe Nieuwendyk wins face-off versus Yanic Perreault in Predators zone.
14:42 of 1st period - Shot by Kristian Huselius.
14:42 of 1st period - Stopped by Chris Mason without a rebound.
14:43 of 1st period - Jason Arnott wins face-off versus Craig Conroy in Predators zone.
14:45 of 1st period - Icing by Paul Kariya.
14:46 of 1st period - Jason Arnott wins face-off versus Craig Conroy in Predators zone.
14:53 of 1st period - Shot by Jason Arnott.
14:53 of 1st period - Stopped by Miikka Kiprusoff with a rebound.
14:54 of 1st period - Shot by Derek Morris.
14:54 of 1st period - Shot Misses the Net.
14:55 of 1st period - Shot by Zbynek Michalek.
14:55 of 1st period - Shot Blocked by Robyn Regehr.
14:58 of 1st period - Shot by Paul Kariya.
14:58 of 1st period - Shot Blocked by Alex Tanguay.
15:50 of 1st period - Steve Sullivan is hit by Bill Guerin and loses puck.
15:51 of 1st period - Minor Penalty to Andrew Ference for Tripping.
15:52 of 1st period - Daymond Langkow wins face-off versus Yanic Perreault in Flames zone.
16:11 of 1st period - Shot by Yanic Perreault.
16:11 of 1st period - Shot Blocked by Roman Hamrlik.
17:35 of 1st period - Icing by Marek Zidlicky.
17:36 of 1st period - Jason Arnott wins face-off versus Craig Conroy in Predators zone.
17:50 of 1st period - Icing by Derek Morris.
17:51 of 1st period - Keith Primeau wins face-off versus Bill Guerin in Predators zone.
18:52 of 1st period - Shot by Steve Sullivan.
18:52 of 1st period - Stopped by Miikka Kiprusoff with a rebound.
18:53 of 1st period - Shot by Kimmo Timonen.
18:53 of 1st period - Stopped by Miikka Kiprusoff without a rebound.
18:54 of 1st period - Daymond Langkow wins face-off versus Martin Erat in Flames zone.
18:54 of 1st period - Major Penalty to Ryan Suter for Kneeing.
18:55 of 1st period - Daymond Langkow wins face-off versus Scott Hartnell in Flames zone.

Period #2

0:01 of 2nd period - Craig Conroy wins face-off versus Keith Primeau in neutral zone.
0:22 of 2nd period - Shot by Craig Conroy.
0:22 of 2nd period - Shot Blocked by Derek Morris.
0:50 of 2nd period - Double Minor Penalty to Roman Hamrlik for High sticking.
0:51 of 2nd period - Daymond Langkow wins face-off versus Jason Arnott in Predators zone.
1:32 of 2nd period - Shot by Jarome Iginla.
1:32 of 2nd period - Stopped by Chris Mason without a rebound.
1:33 of 2nd period - Craig Conroy wins face-off versus David Legwand in Predators zone.
1:50 of 2nd period - Shot by David Legwand.
1:50 of 2nd period - Shot Misses the Net.
1:55 of 2nd period - Shot by Paul Kariya.
1:55 of 2nd period - Stopped by Miikka Kiprusoff without a rebound.
1:56 of 2nd period - Paul Kariya wins face-off versus Jarome Iginla in Flames zone.
2:49 of 2nd period - Shot by Jason Arnott.
2:49 of 2nd period - Shot Misses the Net.
3:43 of 2nd period - Icing by Zbynek Michalek.
3:44 of 2nd period - Joe Nieuwendyk wins face-off versus Todd Bertuzzi in Predators zone.
4:54 of 2nd period - Andrei Zyuzin is hit by Derek Morris and loses puck.
5:04 of 2nd period - Shot by Kristian Huselius.
5:04 of 2nd period - Stopped by Chris Mason without a rebound.
5:05 of 2nd period - David Legwand wins face-off versus Alex Tanguay in Predators zone.
5:12 of 2nd period - Shot by Paul Kariya.
5:12 of 2nd period - Stopped by Miikka Kiprusoff without a rebound.
5:13 of 2nd period - J.P. Dumont wins face-off versus Joe Nieuwendyk in Flames zone.
5:49 of 2nd period - Icing by Andrew Ference.
5:50 of 2nd period - Jason Arnott wins face-off versus Joe Nieuwendyk in Flames zone.
5:59 of 2nd period - Shot by Jason Arnott.
5:59 of 2nd period - Shot Misses the Net.
6:13 of 2nd period - Jason Arnott is hit by Andrew Ference and loses puck.
6:28 of 2nd period - Off-side.
6:29 of 2nd period - Yanic Perreault wins face-off versus Matthew Lombardi in neutral zone.
6:31 of 2nd period - Off-side.
6:32 of 2nd period - Matthew Lombardi wins face-off versus Yanic Perreault in neutral zone.
6:43 of 2nd period - Shot by Tony Amonte.
6:43 of 2nd period - Stopped by Chris Mason with a rebound.
6:44 of 2nd period - Shot by Robyn Regehr.
6:44 of 2nd period - Stopped by Chris Mason with a rebound.
6:45 of 2nd period - Shot by Robyn Regehr.
6:45 of 2nd period - Shot Misses the Net.
6:50 of 2nd period - Shot by Matthew Lombardi.
6:50 of 2nd period - Stopped by Chris Mason without a rebound.
6:51 of 2nd period - David Legwand wins face-off versus Daymond Langkow in Predators zone.
7:01 of 2nd period - Minor Penalty to Roman Hamrlik for Clipping.
7:02 of 2nd period - Craig Conroy wins face-off versus Jason Arnott in Flames zone.
8:55 of 2nd period - Shot by Jason Arnott.
8:55 of 2nd period - Stopped by Miikka Kiprusoff without a rebound.
8:56 of 2nd period - Daymond Langkow wins face-off versus Yanic Perreault in Flames zone.
9:11 of 2nd period - Shot by Patrick Sharp.
9:11 of 2nd period - Stopped by Miikka Kiprusoff without a rebound.
9:12 of 2nd period - Joe Nieuwendyk wins face-off versus Martin Erat in Flames zone.
9:29 of 2nd period - Shot by Todd Bertuzzi.
9:29 of 2nd period - Shot Blocked by Andrew Ference.
9:32 of 2nd period - Shot by Martin Erat.
9:32 of 2nd period - Goal by Martin Erat.
9:33 of 2nd period - Matthew Lombardi wins face-off versus Keith Primeau in neutral zone.
9:51 of 2nd period - Keith Primeau is hit by Robyn Regehr and loses puck.
10:28 of 2nd period - Paul Kariya is hit by Jaroslav Modry and loses puck.
11:14 of 2nd period - Shot by Todd Bertuzzi.
11:14 of 2nd period - Shot Misses the Net.
11:15 of 2nd period - Shot by Dan Hamhuis.
11:15 of 2nd period - Stopped by Miikka Kiprusoff without a rebound.
11:16 of 2nd period - Steve Sullivan wins face-off versus Joe Nieuwendyk in Flames zone.
11:16 of 2nd period - David Legwand is hit by Andrei Zyuzin and loses puck.
11:22 of 2nd period - Shot by J.P. Dumont.
11:22 of 2nd period - Shot Blocked by Kristian Huselius.
11:23 of 2nd period - Shot by Kimmo Timonen.
11:23 of 2nd period - Stopped by Miikka Kiprusoff with a rebound.
11:25 of 2nd period - Minor Penalty to Andrew Ference for Holding.
11:26 of 2nd period - Craig Conroy wins face-off versus Yanic Perreault in Flames zone.
11:41 of 2nd period - Shot by Scott Hartnell.
11:41 of 2nd period - Stopped by Miikka Kiprusoff with a rebound.
13:24 of 2nd period - Shot by Jason Arnott.
13:24 of 2nd period - Stopped by Miikka Kiprusoff without a rebound.
13:25 of 2nd period - Joe Nieuwendyk wins face-off versus Keith Primeau in Flames zone.
13:31 of 2nd period - Icing by Kimmo Timonen.
13:32 of 2nd period - Matthew Lombardi wins face-off versus Martin Erat in Predators zone.
14:30 of 2nd period - Bill Guerin is hit by Martin Erat and loses puck.
14:33 of 2nd period - Icing by Dan Hamhuis.
14:34 of 2nd period - Daymond Langkow wins face-off versus Yanic Perreault in Predators zone.
14:40 of 2nd period - Off-side.
14:41 of 2nd period - David Legwand wins face-off versus Daymond Langkow in neutral zone.
14:46 of 2nd period - Shot by J.P. Dumont.
14:46 of 2nd period - Stopped by Miikka Kiprusoff without a rebound.
14:47 of 2nd period - Jason Arnott wins face-off versus Daymond Langkow in Flames zone.
15:06 of 2nd period - Shot by Scott Hartnell.
15:06 of 2nd period - Goal by Scott Hartnell.
15:07 of 2nd period - David Legwand wins face-off versus Joe Nieuwendyk in neutral zone.
15:24 of 2nd period - Shot by Kristian Huselius.
15:24 of 2nd period - Stopped by Chris Mason without a rebound.
15:25 of 2nd period - Craig Conroy wins face-off versus Jason Arnott in Predators zone.
15:25 of 2nd period - Chuck Kobasew is hit by Scott Hartnell and loses puck.
15:47 of 2nd period - Shot by Scott Hartnell.
15:47 of 2nd period - Stopped by Miikka Kiprusoff with a rebound.
15:50 of 2nd period - Shot by Paul Kariya.
15:50 of 2nd period - Stopped by Miikka Kiprusoff without a rebound.
15:51 of 2nd period - Joe Nieuwendyk wins face-off versus David Legwand in Flames zone.
16:02 of 2nd period - Shot by Joe Nieuwendyk.
16:02 of 2nd period - Shot Misses the Net.
16:05 of 2nd period - Shot by Kristian Huselius.
16:05 of 2nd period - Shot Misses the Net.
16:08 of 2nd period - Shot by Kristian Huselius.
16:08 of 2nd period - Stopped by Chris Mason with a rebound.
16:09 of 2nd period - Shot by Andrew Ference.
16:09 of 2nd period - Stopped by Chris Mason without a rebound.
16:10 of 2nd period - Daymond Langkow wins face-off versus Yanic Perreault in Predators zone.
16:11 of 2nd period - Shot by Jarome Iginla.
16:11 of 2nd period - Shot Misses the Net.
16:14 of 2nd period - Shot by Jarome Iginla.
16:14 of 2nd period - Shot Misses the Net.
16:32 of 2nd period - Roman Hamrlik is hit by Ryan Suter and loses puck.
16:33 of 2nd period - Roman Hamrlik from Flames is injured at 16:33 of 2nd period (Shoulder).
16:34 of 2nd period - Kristian Huselius wins face-off versus Paul Kariya in Predators zone.
16:45 of 2nd period - Shot by Kristian Huselius.
16:45 of 2nd period - Stopped by Chris Mason with a rebound.
16:50 of 2nd period - Shot by Paul Kariya.
16:50 of 2nd period - Stopped by Miikka Kiprusoff with a rebound.
16:53 of 2nd period - Shot by Paul Kariya.
16:53 of 2nd period - Shot Blocked by Andrew Ference.
16:54 of 2nd period - Shot by Zbynek Michalek.
16:54 of 2nd period - Shot Misses the Net.
16:57 of 2nd period - Shot by Paul Kariya.
16:57 of 2nd period - Stopped by Miikka Kiprusoff without a rebound.
16:58 of 2nd period - Craig Conroy wins face-off versus David Legwand in Flames zone.
17:05 of 2nd period - Shot by Craig Conroy.
17:05 of 2nd period - Shot Misses the Net.
17:09 of 2nd period - Icing by Marek Zidlicky.
17:10 of 2nd period - Daymond Langkow wins face-off versus David Legwand in Predators zone.
17:10 of 2nd period - Jussi Jokinen is hit by Kimmo Timonen and loses puck.
17:16 of 2nd period - Shot by Daymond Langkow.
17:16 of 2nd period - Shot Misses the Net.
17:17 of 2nd period - Shot by Jarome Iginla.
17:17 of 2nd period - Stopped by Chris Mason without a rebound.
17:18 of 2nd period - Daymond Langkow wins face-off versus Todd Bertuzzi in Predators zone.
17:20 of 2nd period - Jarome Iginla is hit by Dan Hamhuis and loses puck.
17:28 of 2nd period - Shot by Jussi Jokinen.
17:28 of 2nd period - Shot Misses the Net.
17:31 of 2nd period - Shot by Jussi Jokinen.
17:31 of 2nd period - Stopped by Chris Mason with a rebound.
17:34 of 2nd period - Shot by Daymond Langkow.
17:34 of 2nd period - Stopped by Chris Mason without a rebound.
17:35 of 2nd period - Joe Nieuwendyk wins face-off versus Jason Arnott in Predators zone.
17:51 of 2nd period - Icing by Derek Morris.
17:52 of 2nd period - Jason Arnott wins face-off versus Daymond Langkow in Predators zone.
18:05 of 2nd period - Shot by Jarome Iginla.
18:05 of 2nd period - Stopped by Chris Mason without a rebound.
18:06 of 2nd period - David Legwand wins face-off versus Joe Nieuwendyk in Predators zone.
18:10 of 2nd period - Minor Penalty to Andrei Zyuzin for Cross-checking.
18:11 of 2nd period - Yanic Perreault wins face-off versus Daymond Langkow in Flames zone.
18:20 of 2nd period - Shot by Yanic Perreault.
18:20 of 2nd period - Shot Misses the Net.
19:29 of 2nd period - Shot by Todd Bertuzzi.
19:29 of 2nd period - Shot Blocked by Jaroslav Modry.
19:32 of 2nd period - Shot by Paul Kariya.
19:32 of 2nd period - Shot Blocked by Jarome Iginla.
19:33 of 2nd period - Shot by Zbynek Michalek.
19:33 of 2nd period - Stopped by Miikka Kiprusoff without a rebound.
19:34 of 2nd period - Yanic Perreault wins face-off versus Daymond Langkow in Flames zone.

Period #3

0:01 of 3rd period - Jason Arnott wins face-off versus Craig Conroy in neutral zone.
0:19 of 3rd period - Minor Penalty to Patrick Sharp for Interference.
0:20 of 3rd period - Scott Hartnell wins face-off versus Daymond Langkow in Flames zone.
0:28 of 3rd period - Major Penalty to Dion Phaneuf for Checking from behind.
0:29 of 3rd period - Craig Conroy wins face-off versus Jason Arnott in Flames zone.
0:36 of 3rd period - Shot by Craig Conroy.
0:36 of 3rd period - Stopped by Chris Mason without a rebound.
0:37 of 3rd period - Daymond Langkow wins face-off versus David Legwand in Predators zone.
0:42 of 3rd period - Shot by Jarome Iginla.
0:42 of 3rd period - Shot Blocked by Derek Morris.
1:00 of 3rd period - Icing by Paul Kariya.
1:01 of 3rd period - David Legwand wins face-off versus Craig Conroy in Predators zone.
2:06 of 3rd period - Shot by Todd Bertuzzi.
2:06 of 3rd period - Stopped by Miikka Kiprusoff with a rebound.
2:07 of 3rd period - Shot by Kimmo Timonen.
2:07 of 3rd period - Stopped by Miikka Kiprusoff with a rebound.
2:08 of 3rd period - Shot by Zbynek Michalek.
2:08 of 3rd period - Shot Misses the Net.
2:11 of 3rd period - Shot by Jason Arnott.
2:11 of 3rd period - Shot Misses the Net.
2:12 of 3rd period - Shot by Zbynek Michalek.
2:12 of 3rd period - Stopped by Miikka Kiprusoff without a rebound.
2:13 of 3rd period - Jason Arnott wins face-off versus Daymond Langkow in Flames zone.
2:44 of 3rd period - Shot by Yanic Perreault.
2:44 of 3rd period - Shot Misses the Net.
2:47 of 3rd period - Shot by Scott Hartnell.
2:47 of 3rd period - Stopped by Miikka Kiprusoff without a rebound.
2:48 of 3rd period - Paul Kariya wins face-off versus Craig Conroy in Flames zone.
3:01 of 3rd period - Shot by Todd Bertuzzi.
3:01 of 3rd period - Stopped by Miikka Kiprusoff with a rebound.
3:06 of 3rd period - Shot by Paul Kariya.
3:06 of 3rd period - Stopped by Miikka Kiprusoff without a rebound.
3:07 of 3rd period - Joe Nieuwendyk wins face-off versus Yanic Perreault in Flames zone.
3:27 of 3rd period - Icing by Scott Hartnell.
3:28 of 3rd period - Yanic Perreault wins face-off versus Daymond Langkow in Predators zone.
5:06 of 3rd period - Icing by Zbynek Michalek.
5:07 of 3rd period - Jason Arnott wins face-off versus Matthew Lombardi in Predators zone.
5:19 of 3rd period - Icing by Zbynek Michalek.
5:20 of 3rd period - Matthew Lombardi wins face-off versus Paul Kariya in Predators zone.
6:39 of 3rd period - Shot by Jussi Jokinen.
6:39 of 3rd period - Stopped by Chris Mason without a rebound.
6:40 of 3rd period - Joe Nieuwendyk wins face-off versus Yanic Perreault in Predators zone.
6:46 of 3rd period - Kristian Huselius is hit by Yanic Perreault and loses puck.
6:54 of 3rd period - Shot by Kristian Huselius.
6:54 of 3rd period - Stopped by Chris Mason without a rebound.
6:55 of 3rd period - Joe Nieuwendyk wins face-off versus David Legwand in Predators zone.
7:05 of 3rd period - Alex Tanguay is hit by Marek Zidlicky and loses puck.
8:18 of 3rd period - Jarome Iginla is hit by Ryan Suter and loses puck.
8:32 of 3rd period - Shot by Jarome Iginla.
8:32 of 3rd period - Stopped by Chris Mason without a rebound.
8:33 of 3rd period - Daymond Langkow wins face-off versus Jason Arnott in Predators zone.
8:38 of 3rd period - Shot by Jarome Iginla.
8:38 of 3rd period - Stopped by Chris Mason without a rebound.
8:39 of 3rd period - Craig Conroy wins face-off versus Jason Arnott in Predators zone.
8:59 of 3rd period - Minor Penalty to Derek Morris for Hooking.
9:00 of 3rd period - Scott Hartnell wins face-off versus Daymond Langkow in Flames zone.
9:20 of 3rd period - Icing by Jarome Iginla.
9:21 of 3rd period - Keith Primeau wins face-off versus Daymond Langkow in Flames zone.
10:05 of 3rd period - Off-side.
10:06 of 3rd period - Joe Nieuwendyk wins face-off versus Scott Hartnell in neutral zone.
10:09 of 3rd period - Shot by Alex Tanguay.
10:09 of 3rd period - Shot Misses the Net.
11:20 of 3rd period - Shot by Kristian Huselius.
11:20 of 3rd period - Shot Misses the Net.
11:40 of 3rd period - Off-side.
11:41 of 3rd period - Todd Bertuzzi wins face-off versus Daymond Langkow in neutral zone.
11:44 of 3rd period - Shot by Martin Erat.
11:44 of 3rd period - Shot Misses the Net.
11:49 of 3rd period - Shot by Matthew Lombardi.
11:49 of 3rd period - Stopped by Chris Mason with a rebound.
11:52 of 3rd period - Shot by Jarome Iginla.
11:52 of 3rd period - Shot Blocked by Dan Hamhuis.
11:55 of 3rd period - Shot by Matthew Lombardi.
11:55 of 3rd period - Stopped by Chris Mason without a rebound.
11:56 of 3rd period - Matthew Lombardi wins face-off versus Jason Arnott in Predators zone.
11:57 of 3rd period - Shot by Tony Amonte.
11:57 of 3rd period - Stopped by Chris Mason with a rebound.
11:57 of 3rd period - Minor Penalty to Dion Phaneuf for Diving.
11:57 of 3rd period - Minor Penalty to Scott Hartnell for Delaying the game.
11:58 of 3rd period - Daymond Langkow wins face-off versus Jason Arnott in Predators zone.
11:59 of 3rd period - Shot by Jarome Iginla.
11:59 of 3rd period - Goal by Jarome Iginla.
12:00 of 3rd period - Daymond Langkow wins face-off versus Jason Arnott in neutral zone.
12:02 of 3rd period - Off-side.
12:03 of 3rd period - Jason Arnott wins face-off versus Daymond Langkow in neutral zone.
12:22 of 3rd period - Shot by Jason Arnott.
12:22 of 3rd period - Shot Blocked by Jaroslav Modry.
12:23 of 3rd period - Shot by Derek Morris.
12:23 of 3rd period - Stopped by Miikka Kiprusoff without a rebound.
12:24 of 3rd period - Craig Conroy wins face-off versus David Legwand in Flames zone.
12:31 of 3rd period - Shot by Alex Tanguay.
12:31 of 3rd period - Stopped by Chris Mason without a rebound.
12:32 of 3rd period - Daymond Langkow wins face-off versus David Legwand in Predators zone.
12:33 of 3rd period - Shot by Jarome Iginla.
12:33 of 3rd period - Shot Misses the Net.
13:40 of 3rd period - Shot by Kimmo Timonen.
13:40 of 3rd period - Shot Misses the Net.
13:57 of 3rd period - Shot by Craig Conroy.
13:57 of 3rd period - Stopped by Chris Mason without a rebound.
13:58 of 3rd period - Yanic Perreault wins face-off versus Matthew Lombardi in Predators zone.
14:03 of 3rd period - Shot by Martin Erat.
14:03 of 3rd period - Goal by Martin Erat.
14:04 of 3rd period - Matthew Lombardi wins face-off versus Yanic Perreault in neutral zone.
14:13 of 3rd period - Shot by Tony Amonte.
14:13 of 3rd period - Shot Blocked by Dan Hamhuis.
14:17 of 3rd period - Martin Erat is hit by Dion Phaneuf and loses puck.
14:27 of 3rd period - Shot by Martin Erat.
14:27 of 3rd period - Shot Misses the Net.
14:45 of 3rd period - Minor Penalty to Marek Zidlicky for High sticking.
14:46 of 3rd period - Scott Hartnell wins face-off versus Daymond Langkow in Flames zone.
14:57 of 3rd period - Shot by Jaroslav Modry.
14:57 of 3rd period - Shot Misses the Net.
14:59 of 3rd period - Minor Penalty to Jaroslav Modry for Cross-checking.
15:00 of 3rd period - David Legwand wins face-off versus Daymond Langkow in Predators zone.
15:54 of 3rd period - Icing by Joe Nieuwendyk.
15:55 of 3rd period - Jason Arnott wins face-off versus Alex Tanguay in Flames zone.
16:08 of 3rd period - Shot by Joe Nieuwendyk.
16:08 of 3rd period - Stopped by Chris Mason with a rebound.
16:09 of 3rd period - Shot by Joe Nieuwendyk.
16:09 of 3rd period - Shot Misses the Net.
16:10 of 3rd period - Shot by Alex Tanguay.
16:10 of 3rd period - Goal by Alex Tanguay.
16:11 of 3rd period - Daymond Langkow wins face-off versus David Legwand in neutral zone.
16:34 of 3rd period - Shot by David Legwand.
16:34 of 3rd period - Stopped by Miikka Kiprusoff with a rebound.
18:26 of 3rd period - Icing by Derek Morris.
18:27 of 3rd period - Daymond Langkow wins face-off versus Keith Primeau in Predators zone.
18:28 of 3rd period - Shot by Jarome Iginla.
18:28 of 3rd period - Shot Misses the Net.
19:01 of 3rd period - Shot by Paul Kariya.
19:01 of 3rd period - Shot Misses the Net.

Overtime #1

0:01 of 1st overtime period - Jason Arnott wins face-off versus Craig Conroy in neutral zone.
0:06 of 1st overtime period - Shot by Todd Bertuzzi.
0:06 of 1st overtime period - Shot Misses the Net.
0:13 of 1st overtime period - Shot by Craig Conroy.
0:13 of 1st overtime period - Shot Blocked by Jason Arnott.
0:34 of 1st overtime period - Shot by Jason Arnott.
0:34 of 1st overtime period - Stopped by Miikka Kiprusoff without a rebound.
0:35 of 1st overtime period - David Legwand wins face-off versus Daymond Langkow in Flames zone.
1:52 of 1st overtime period - Shot by Todd Bertuzzi.
1:52 of 1st overtime period - Stopped by Miikka Kiprusoff without a rebound.
1:53 of 1st overtime period - Daymond Langkow wins face-off versus Jason Arnott in Flames zone.
1:55 of 1st overtime period - Icing by Jarome Iginla.
1:56 of 1st overtime period - Jason Arnott wins face-off versus Daymond Langkow in Flames zone.
2:09 of 1st overtime period - Shot by Jason Arnott.
2:09 of 1st overtime period - Shot Blocked by Jaroslav Modry.
3:22 of 1st overtime period - Shot by Todd Bertuzzi.
3:22 of 1st overtime period - Shot Misses the Net.
3:40 of 1st overtime period - Icing by Alex Tanguay.
3:41 of 1st overtime period - Joe Nieuwendyk wins face-off versus Scott Hartnell in Flames zone.

ShootOut

ShootOut - Penalty Shot by Paul Kariya for Predators.
ShootOut - Shot Misses the Net.
ShootOut - Penalty Shot by Jarome Iginla for Flames.
ShootOut - Stopped by Chris Mason.
ShootOut - Penalty Shot by Jason Arnott for Predators.
ShootOut - Shot Misses the Net.
ShootOut - Penalty Shot by Alex Tanguay for Flames.
ShootOut - Stopped by Chris Mason.
ShootOut - Penalty Shot by Todd Bertuzzi for Predators.
ShootOut - Stopped by Miikka Kiprusoff.
ShootOut - Penalty Shot by Craig Conroy for Flames.
ShootOut - Stopped by Chris Mason.
ShootOut - Penalty Shot by Steve Sullivan for Predators.
ShootOut - Goal by Steve Sullivan.
ShootOut - Penalty Shot by Daymond Langkow for Flames.
ShootOut - Stopped by Chris Mason.


Output by the SimonT Hockey Simulator (STHS) for Stephane Roy -- Original Page W3C XHTML 1.0 Valid